 Dungeon Crawl Stone Soup version 0.31-a0-810-ga77100ea1a (webtiles) character file.

Game seed: 13587575420796647238

774 dynsetu the Mimic (level 7, -6/45 (51) HPs)
             Began as a Merfolk Shapeshifter on Sept 22, 2023.
             Was an Initiate of Qazlal.
             Mangled by a wight
             ... wielding a +4 battleaxe
              (9 damage)
             ... on level 5 of the Dungeon.
             The game lasted 00:11:54 (5298 turns).

dynsetu the Mimic (Merfolk Shapeshifter)            Turns: 5298, Time: 00:11:55

HP:   -6/45 (51)    AC:  5    Str: 16      XL:     7   Next: 84%
MP:   7/7           EV: 13    Int:  9      God:    Qazlal [......]
Gold: 224           SH:  0    Dex: 13 (14) Spells: 6/6 levels left

rFire   + .          .
                       - Unarmed
rCold   . . .        (shield currently unavailable)
rNeg    . . .        a - +0 animal skin
rPois   .            (no helmet)
rElec   .            h - +2 cloak
rCorr   .            (no gloves)
SInv    .            (no boots)
Will    .....        (no amulet)
Stlth   +            t - ring of protection from fire
HPRegen 0.27/turn    (no ring)
MPRegen 0.10/turn

%: no passive effects
@: flux-form, glowing, heavily drained
A: glow, contaminating, (nimble swimmer 2), mertail
a: Begin Untransformation, Renounce Religion


You were on level 5 of the Dungeon.
You worshipped Qazlal.
Qazlal was noncommittal.
You were something dangerously unstable.
You visited 1 branch of the dungeon, and saw 6 of its levels.

You collected 224 gold pieces.

Inventory:

Missiles
 q - 26 stones
 r - 3 boomerangs
 s - 6 poisoned darts
 y - 5 javelins
Armour
 a - a +0 animal skin (worn)
 h - a +2 cloak (worn)
Jewellery
 n - a ring of fire
 t - a ring of protection from fire (left hand)
Talismans
 c - a beast talisman
 d - a flux talisman (active)
Wands
 p - a wand of mindburst (8)
 v - a wand of light (4)
Scrolls
 b - a scroll of noise {unknown}
 e - a scroll of revelation {unknown}
 f - 3 scrolls of teleportation {unknown}
 i - a scroll of immolation {unknown}
 j - 3 scrolls of fear {unknown}
 k - 2 scrolls of vulnerability {unknown}
 l - 7 scrolls of identify {unknown}
 m - a scroll of brand weapon {unknown}
 o - 2 scrolls of enchant armour {unknown}
Potions
 g - a potion of degeneration
 u - a potion of heal wounds {unknown}
 w - a potion of cancellation {unknown}
 x - a potion of curing {unknown}
 z - a potion of attraction {unknown}


   Skills:
 + Level 2.3 Fighting
 + Level 4.7 Dodging
 + Level 1.5 Stealth
 + Level 6.1 Unarmed Combat
 * Level 8.0 Shapeshifting


You had 6 spell levels left.
You didn't know any spells.
Your spell library contained the following spells:

 Spells                   Type           Power      Damage    Failure   Level
 Apportation              Tloc           0%         N/A       38%         1
 Jinxbite                 Hex            0%         N/A       52%         2
 Alistair's Intoxication  Tmut/Pois      0%         N/A       100%        5


Dungeon Overview and Level Annotations

Branches:
Dungeon (6/15)
 Temple: D:4-7

Altars:
Cheibriados
Okawaru
Qazlal
Trog
Yredelemnul
Zin

Annotations:
D:5 1 runed translucent door, exclusion: door, Crazy Yiuf


Innate Abilities, Weirdness & Mutations

You are something dangerously unstable.
You glow with magical radiation, making you easy to see and hit.
Foes you strike become dangerously contaminated with magical radiation.
You are incapable of wielding weapons or throwing items.
((You are very nimble when in or above water. (Stealth+, EV+, Speed+++)))
Your lower body shifts to a powerful aquatic tail in water.


Message History

You hit the wight but do no damage.
The wight glows dangerously bright.
The wight is moderately damaged.
The wight barely misses you.
You barely miss the wight.
The wight is lightly damaged.
The wight hits you with a +0 falchion.
You hit the wight.
The wight shudders as magic cascades through it!!
You destroy the wight!
Qazlal accepts your kill.
You feel your intelligence returning.
Your life force feels restored.
Your Unarmed Combat skill increases to level 6!
Your Shapeshifting skill increases to level 8!
Things that are here:
a +0 falchion; a +0 robe
There is a stone staircase leading down, spattered with blood here.
You start resting.
HP restored.
You climb downwards.
The wight hits you with a +4 battleaxe!
You feel drained.
There is a stone staircase leading up here.
The wight hits you with a +4 battleaxe! The wight hits you but does no damage.
You climb upwards.
Level annotation: 1 runed translucent door, exclusion: door, Crazy Yiuf
There is a stone staircase leading down, spattered with blood here.
The wight attacks as it pursues you! The wight hits you with a +2 hand axe.
You feel drained. The wight attacks as it pursues you!
The wight closely misses you. The wight attacks as it pursues you!
The wight barely misses you. The wight attacks as it pursues you!
The wight hits you with a +4 battleaxe!
* * * LOW HITPOINT WARNING * * *
You feel drained.
* * * LOW HITPOINT WARNING * * *
The wight attacks as it pursues you! The wight hits you with a +4 battleaxe!
* * * LOW HITPOINT WARNING * * *
You feel drained.
* * * LOW HITPOINT WARNING * * *
You hit the wight.
The wight begins to glow.
The wight is moderately damaged.
The wight hits you with a +4 battleaxe!
You die...

#...[.........##
##############...>........##
..................[.#.)####
..................#......#
..............#..##....###
..............######...#
.........###...# ##....####
.........###..z###.....)..#
...............zp.........#
##..♣♣♣♣.._..♣♣♣♣..####...#
.........................##
...####.##################
..## ### ### #


You could see 2 wights.

Vanquished Creatures
  Menkaure (D:4)
  A water moccasin (D:6)
  A scorpion (D:5)
  2 wights (D:5)
  3 hounds (D:5)
  2 iguanas (D:4)
  Jessica (D:2)
  An orc wizard (D:3)
  6 adders
  4 gnolls
  3 worms
  6 dart slugs
  4 orcs
  7 endoplasms
  A giant cockroach (D:4)
  8 hobgoblins
  3 jackals (D:2)
  3 quokkas
  6 ball pythons
  6 bats
  3 frilled lizards
  7 goblins
  7 kobolds
  3 rats
  A spectral orc (D:3)
90 creatures vanquished.

Notes
Turn   | Place    | Note
-------+----------+-------------------------------------------
     0 | D:1      | dynsetu the Merfolk Shapeshifter began the quest for the
                  | Orb.
     0 | D:1      | Reached XP level 1. HP: 15/15 MP: 1/1
   109 | D:1      | Reached XP level 2. HP: 19/21 MP: 2/2
   306 | D:1      | Reached skill level 5 in Shapeshifting
   653 | D:2      | Reached XP level 3. HP: 3/26 MP: 3/3
  1000 | D:2      | Reached XP level 4. HP: 32/32 MP: 4/4
  1057 | D:2      | Noticed Jessica
  1441 | D:2      | Killed Jessica
  1442 | D:2      | Reached skill level 6 in Shapeshifting
  1549 | D:2      | Found an iron altar of Okawaru.
  1709 | D:3      | Found a faded altar of an unknown god.
  1736 | D:3      | Reached XP level 5. HP: 32/37 MP: 5/5
  2055 | D:3      | Found a basalt altar of Yredelemnul.
  2463 | D:4      | Found an iron altar of Okawaru.
  2695 | D:4      | Noticed Menkaure
  2723 | D:4      | Killed Menkaure
  2724 | D:4      | Reached skill level 7 in Shapeshifting
  2724 | D:4      | Reached XP level 6. HP: 5/44 MP: 6/6
  3022 | D:4      | Found a snail-covered altar of Cheibriados.
  3050 | D:4      | Found a glowing silver altar of Zin.
  3308 | D:5      | Entered Level 5 of the Dungeon
  3363 | D:5      | Reached skill level 5 in Unarmed Combat
  3403 | D:5      | Found a stormy altar of Qazlal.
  3411 | D:5      | Became a worshipper of Qazlal Stormbringer
  3434 | D:5      | Found a runed translucent door.
  3435 | D:5      | Noticed Crazy Yiuf
  3468 | D:5      | Reached XP level 7. HP: 50/50 MP: 7/7
  4062 | D:5      | Reached skill level 1 in Stealth
  4385 | D:5      | Found a stormy altar of Qazlal.
  4650 | D:5      | Found a runed translucent door.
  4669 | D:5      | Found a stormy altar of Qazlal.
  5086 | D:6      | Found a bloodstained altar of Trog.
  5219 | D:5      | Reached skill level 8 in Shapeshifting
  5297 | D:5      | HP: 2/45 [wight/+4 battleaxe (1)]
  5298 | D:5      | Mangled by a wight

Illustrated notes

Levels and vault maps discovered:
D:1:      amcnicky_arrival_double_pillar, layout_rooms
D:2:      layout_basic, basic_altar, minmay_tromino_mix6, uniq_jessica
D:3:      layout_rooms, yredelemnul_forgotten_temple_becter,
          hellmonk_ecumenical_altar_lost_god
D:4:      layout_basic, okawaru_trees_1, kennysheep_slug_shrine, zin_treasury,
          uniq_menkaure
D:5:      layout_cave_pools, mainiacjoe_overflow_boulevard, nicolae_titane,
          uniq_crazy_yiuf_cottage
D:6:      layout_basic, trog_three_pillars_becter

Skill      XL: |  1  2  3  4  5  6  7 |
---------------+----------------------+-----
Shapeshifting  | 5 6 7 8 |  8.0
Dodging        | 3 4 |  4.7
Unarmed Combat | 4 5 6 |  6.1
Fighting       | 2 |  2.3
Stealth        | 1 |  1.5

Action                     |  1- 3 |  4- 6 |  7- 9 || total
---------------------------+-------+-------+-------++-------
  Melee: Unarmed           |    83 |   131 |    70 ||   284
         Punch             |     1 |     1 |       ||     2
Ability: Begin Untransform |     1 |       |       ||     1
    Use: Potion            |       |     3 |       ||     3
   Stab: Sleeping          |     1 |       |       ||     1
 Armour: Animal skin       |    43 |    60 |    41 ||   144
         Skin              |       |     2 |       ||     2
  Dodge: Dodged            |    38 |    66 |    52 ||   156
   Form: Beast             |     1 |       |       ||     1
         Flux              |       |     1 |       ||     1

Table legend: (Time is in decaauts)
 A = Elapsed time spent in this place.
 B = Non-inter-level travel time spent in this place.
 C = Inter-level travel time spent in this place.
 D = Time resting spent in this place.
 E = Time spent auto-exploring this place.
 F = Levels seen in this place.
 G = Mean time per level.
                   A        B        C        D        E       F      G
               +--------+--------+--------+--------+--------+-----+--------+
         Total |   5258 |   5058 |    200 |    370 |   3794 |   6 |  876.3 |
       Dungeon |   5258 |   5058 |    200 |    370 |   3794 |   6 |  876.3 |
               +--------+--------+--------+--------+--------+-----+--------+

Top non-repeatable levels by time:
     D:5: 1859 daAuts
     D:2: 1036 daAuts
     D:4: 893 daAuts
     D:3: 775 daAuts
     D:1: 631 daAuts
     D:6: 61 daAuts
